 Dungeon Crawl Stone Soup version 0.31-a0-675-g238779eb0a (webtiles) character file.

Game seed: 16069128295284015206

3640 Xavori the Covert (level 10, -3/59 (68) HPs)
             Began as an Octopode Chaos Knight on Sept 5, 2023.
             Was a Plaything of Xom.
             Slain by a wight
             ... wielding a +3 halberd
              (8 damage)
             ... on level 8 of the Dungeon.
             The game lasted 00:08:26 (7039 turns).

Xavori the Covert (Octopode Chaos Knight)           Turns: 7039, Time: 00:08:27

HP:   -3/59 (68)    AC:  1    Str: 12    XL:     10   Next: 12%
MP:   10/10         EV: 15    Int: 15    God:    Xom [..*...]
Gold: 537           SH:  4    Dex: 15    Spells: 9/9 levels left

rFire   + . .        w - +2 dagger (flame)
rCold   . . .        D - +0 buckler
rNeg    . . .        (helmet currently unavailable)
rPois   .            (no amulet)
rElec   .            i - ring of protection from fire
rCorr   .            (no ring)
SInv    +            (no ring)
Will    .....        (no ring)
Stlth   ++++++       (no ring)
HPRegen 1.09/turn    (no ring)
MPRegen 0.12/turn    (no ring)
                     (no ring)

%: no passive effects
@: beast-form, heavily drained
A: beast (slay +3), almost no armour, amphibious, 8 rings, camouflage 1,
gelatinous body 1, (nimble swimmer 1), tentacles, see invisible, mutation
resistance 1, passive freeze, regeneration 1, MP-powered wands
a: Begin Untransformation, Renounce Religion


You were on level 8 of the Dungeon.
You worshipped Xom.
You were a toy of Xom.
You were a hulking beast.
You visited 1 branch of the dungeon, and saw 8 of its levels.
You visited the Abyss 1 time.
You also visited: Sewer.

You collected 537 gold pieces.

Inventory:

Hand Weapons
 a - a +0 short sword of chaos
 w - a +2 dagger of flaming (weapon)
 x - a +4 falchion
Missiles
 s - a throwing net
Armour
 D - a +0 buckler (worn)
Jewellery
 i - a ring of protection from fire (left tentacle)
 j - a ring of fire
Talismans
 q - a beast talisman (active)
Wands
 B - a wand of digging (3)
Scrolls
 b - a scroll of butterflies
 c - a scroll of fear
 e - 2 scrolls of enchant armour
 g - 2 scrolls of fog
 p - 3 scrolls of identify
 y - a scroll of torment
 z - a scroll of blinking
Potions
 d - 3 potions of enlightenment {unknown}
 f - 3 potions of magic
 h - a potion of degeneration {unknown}
 k - a potion of lignification {unknown}
 l - 5 potions of curing
 m - 2 potions of mutation {unknown}
 n - 2 potions of heal wounds {unknown}
 o - 3 potions of invisibility
 r - 2 potions of might {unknown}
 t - 2 potions of brilliance {unknown}
 A - a potion of ambrosia {unknown}


   Skills:
 + Level 6.0 Fighting
 + Level 7.0 Short Blades
 + Level 5.8 Dodging
 + Level 10.9 Stealth
 * Level 6.0 Shapeshifting


You had 9 spell levels left.
You didn't know any spells.
Your spell library contained the following spells:

 Spells                   Type           Power      Damage    Failure   Level
 Sandblast                Erth           0%         2d4       36%         1
 Shock                    Conj/Air       0%         1d3       36%         1
 Cigotuvi's Dreadful Rot  Necr/Pois/Air  0%         N/A       52%         2
 Passwall                 Tmut/Erth      0%         N/A       52%         2
 Dazzling Flash           Conj/Hex       0%         N/A       75%         3
 Hailstorm                Conj/Ice       0%         3d3       75%         3
 Ignite Poison            Fire/Tmut/Pois 0%         N/A       75%         3
 Stone Arrow              Conj/Erth      0%         3d7       75%         3
 Swiftness                Air            0%         N/A       75%         3
 Airstrike                Air            0%         2d(0-16)  98%         4
 Anguish                  Hex/Necr       0%         N/A       98%         4
 Cause Fear               Hex            0%         N/A       98%         4
 Manifold Assault         Tloc           0%         N/A       98%         4
 Sticky Flame             Conj/Fire      0%         2d3       98%         4
 Summon Ice Beast         Ice/Summ       0%         N/A       98%         4
 Agony                    Necr           0%         N/A       100%        5
 Freezing Cloud           Conj/Ice/Air   0%         6-21      100%        5
 Silence                  Hex/Air        0%         N/A       100%        5
 Dispersal                Tloc           0%         N/A       100%        6
 Simulacrum               Ice/Necr       0%         N/A       100%        6
 Enfeeble                 Hex            0%         N/A       100%        7
 Disjunction              Tloc           0%         N/A       100%        8
 Ignition                 Fire           0%         3d3       100%        8


Dungeon Overview and Level Annotations

Branches:
Dungeon (8/15)             Temple (0/1) D:6           Sewer (visited)
   Lair: D:8-11

Altars:
Cheibriados
Fedhas
Gozag
Hepliaklqana
Kikubaaqudgha
Qazlal
Sif Muna
Uskayaw
Wu Jian
Xom
Yredelemnul

Annotations:
D:6 2 transporters, rvierbuc's ghost, novice DsCj
D:7 2 runed translucent doors, pants's ghost, novice HOFi


Innate Abilities, Weirdness & Mutations

You are a hulking beast.
Your limbs bulge with bestial killing power. (Slay +3)
You cannot wear most types of armour.
You are amphibious.
You can wear up to eight rings at the same time.
Your skin changes colour to match your surroundings (Stealth+).
Your rubbery body absorbs attacks. (AC +1, EV +1)
((You are camouflaged when in or above water. (Stealth+)))
You have tentacles for arms and can constrict up to eight enemies at once.
You have supernaturally acute eyesight. (SInv)
You are somewhat resistant to further mutation.
A frigid envelope surrounds you and freezes all who hurt you.
Your natural rate of healing is unusually fast.
You expend magic power (3 MP) to strengthen your wands.


Message History

2 wights come into view.
Found 12 gold pieces.
You block the wight's attack.
Things that are here:
a +2 falchion of freezing; a +0 robe You puncture the wight!
You burn the wight. You grab the wight.
The wight is severely damaged.
You constrict the wight, but do no damage.
You block the wight's attack.
You hit the wight. You burn the wight.
The wight is severely damaged.
You constrict the wight. The wight hits you with a +5 dagger!
You feel drained.
The wight resists.
The wight is very cold.
You destroy the wight!
The wight hits you with a +0 hand axe.
You feel drained.
The wight completely resists.
You hit the wight but do no damage. Your grab misses the wight.
The wight hits you with a +0 hand axe.
You feel drained.
The wight resists.
The wight is very cold.
The wight is lightly damaged.
The wight closely misses you.
You barely miss the wight. You grab the wight.
The wight is lightly damaged.
You constrict the wight.
You release your grip on the wight.
Things that are here:
a +0 hand axe; a +0 robe Xom's power flows through you!
The air shimmers briefly around you. The wight attacks as it pursues you!
The wight hits you with a +0 hand axe.
The wight completely resists.
The wight attacks as it pursues you! You block the wight's attack.
The wight attacks as it pursues you! The wight barely misses you.
You hit the wight. You burn the wight. Your grab misses the wight.
You squeeze the wight!
The wight is almost destroyed.
The wight hits you with a +0 hand axe!
The wight completely resists.
The wight hits you from afar with a +3 halberd!!
* * * LOW HITPOINT WARNING * * *
Xom is highly amused!
You feel drained.
You die...

#.#####.# #########
#.##....# #.......#
#.##.##.###.#####.#
#.##.##.#.....###.#
#.....>.#.#.#......
####.##.#.#.#..##.#
#.##.....#..##..
########.####.###..##.#
#)))zzh[.####.###..##.#
#.#####..##..[.........
#. ,...##.....#######
#$ #.##.###.....#
#.*#.##.# #.....# ####
#. #.##.# #...).####...
#.,.....# ##......##.##
## #.#######..###.##.#
#.# #........##.#


You could see 2 wights.

Vanquished Creatures
  A steam dragon (D:7)
  2 water moccasins
  Pargi (Sewer)
  A black bear (D:7)
  3 ice beasts
  A sky beast (D:6)
  An ogre (D:6)
  A centaur (D:5)
  3 phantoms
  3 kobold brigands
  A bullfrog (D:6)
  15 wights
  2 bullfrog zombies (D:6)
  3 hounds
  A centaur zombie (D:6)
  2 orc priests
  4 iguanas
  Terence (D:3)
  Jessica (D:2)
  A gnoll bouda (D:8)
  3 sleepcaps
  4 orc wizards
  A howler monkey zombie (D:6)
  12 gnolls
  8 adders
  A howler monkey skeleton (D:6)
  2 white imps (D:6)
  3 ufetubi
  4 dart slugs
  13 orcs
  4 bats
  9 endoplasms
  8 giant cockroaches
  8 goblins
  7 hobgoblins
  8 jackals
  15 kobolds
  6 quokkas (D:3)
  10 ball pythons
  5 frilled lizards
  6 rats
185 creatures vanquished.

Vanquished Creatures (collateral kills)
  A scorpion (D:5)
  5 wights
  An orc priest (D:5)
  A sleepcap (D:5)
  An orc wizard (D:5)
  4 orcs
  2 kobolds (D:7)
15 creatures vanquished.

Vanquished Creatures (others)
  A jackal zombie (D:3)
  A kobold (D:3)
2 creatures vanquished.

Grand Total: 202 creatures vanquished

Notes
Turn   | Place    | Note
-------+----------+-------------------------------------------
     0 | D:1      | Xavori the Octopode Chaos Knight began the quest for the
                  | Orb.
     0 | D:1      | Reached XP level 1. HP: 16/16 MP: 1/1
   142 | D:1      | XOM: divination: magic mapping
   184 | D:1      | Reached XP level 2. HP: 21/21 MP: 2/2
   354 | D:1      | XOM: enchant monster (bad)
   619 | D:1      | XOM: give mutation
   619 | D:1      | Gained mutation: A frigid envelope surrounds you and
                  | freezes all who hurt you. [Xom's grace]
   695 | D:1      | Reached XP level 3. HP: 26/26 MP: 3/3
  1099 | D:1      | XOM is BORED!
  1501 | D:1      | XOM: give mutations
  1501 | D:1      | Gained mutation: Your natural rate of healing is unusually
                  | fast. [Xom's grace]
  1501 | D:1      | Gained mutation: You are somewhat resistant to further
                  | mutation. [Xom's grace]
  1501 | D:1      | Gained mutation: You expend magic power (3 MP) to
                  | strengthen your wands. [Xom's grace]
  1501 | D:1      | Gained mutation: You have supernaturally acute eyesight.
                  | (SInv) [Xom's grace]
  1541 | D:2      | Noticed Jessica
  1547 | D:2      | Killed Jessica
  1548 | D:2      | Reached skill level 1 in Stealth
  1613 | D:2      | Reached XP level 4. HP: 28/33 MP: 4/4
  1735 | D:2      | Found an opulent altar of Gozag.
  1971 | D:2      | XOM: silly message
  2050 | D:3      | Reached skill level 2 in Stealth
  2083 | D:3      | Reached XP level 5. HP: 29/37 MP: 5/5
  2157 | D:3      | Found a glowing drain.
  2177 | Sewer    | Entered a sewer
  2204 | Sewer    | Reached skill level 3 in Stealth
  2222 | Sewer    | Noticed Pargi
  2243 | Sewer    | Killed Pargi
  2244 | Sewer    | Reached skill level 4 in Stealth
  2244 | Sewer    | Reached XP level 6. HP: 40/43 MP: 6/6
  2316 | D:3      | Noticed Terence
  2317 | D:3      | XOM: confuse monster(s)
  2342 | D:3      | Killed Terence
  2659 | Abyss:1  | Cast into level 1 of the Abyss (Xom)
  2659 | D:3      | Escaped the Abyss
  2659 | D:3      | XOM: revert banishment
  2807 | D:4      | Reached skill level 5 in Stealth
  2807 | D:4      | Reached XP level 7. HP: 49/49 MP: 7/7
  3016 | D:4      | Reached skill level 1 in Shapeshifting
  3130 | D:4      | XOM: divination: detect creatures
  3250 | D:4      | Found an ancient bone altar of Kikubaaqudgha.
  3348 | D:5      | Entered Level 5 of the Dungeon
  3391 | D:5      | Found a hazy altar of Hepliaklqana.
  3455 | D:5      | XOM: butterfly on damage
  3456 | D:5      | XOM: cleaving
  3457 | D:5      | XOM: god gift: scroll labelled SOMEQ WI BED {god gift}
  3578 | D:5      | Reached skill level 6 in Stealth
  3613 | D:5      | Reached skill level 5 in Short Blades
  3709 | D:5      | Found a shimmering altar of Xom.
  3715 | D:5      | Reached XP level 8. HP: 54/54 MP: 8/8
  3720 | D:5      | Reached skill level 7 in Stealth
  3845 | D:5      | XOM: summons friendly quasit
  3894 | D:5      | XOM: 3-stop teleportation journey
  4016 | D:5      | Found an ornate altar of the Wu Jian Council.
  4153 | D:6      | Reached skill level 5 in Fighting
  4161 | D:5      | XOM: draining
  4164 | D:5      | Reached skill level 8 in Stealth
  4333 | D:6      | XOM: noise
  4393 | D:6      | Found a transporter.
  4393 | D:6      | XOM: confusion
  4398 | D:6      | XOM: confusion
  4412 | D:6      | Reached XP level 9. HP: 32/61 MP: 9/9
  4456 | D:6      | Found a transporter.
  4457 | D:6      | Noticed a two-headed ogre
  4459 | D:6      | Noticed rvierbuc's ghost (novice DsCj)
  4468 | D:6      | Noticed a red ugly thing
  4472 | D:6      | XOM: scenery: create altars
  4610 | D:6      | Reached skill level 5 in Dodging
  4622 | D:6      | Found a large runed translucent door.
  4622 | D:6      | Found a large runed translucent door.
  4638 | D:6      | XOM: scenery: summon butterflies
  4639 | D:6      | XOM: cloud trail
  4887 | D:6      | XOM: 5-stop teleportation journey
  4901 | D:6      | Found a blossoming altar of Fedhas.
  5117 | D:6      | Found a snail-covered altar of Cheibriados.
  5355 | D:6      | Found a staircase to the Ecumenical Temple.
  5365 | D:6      | Reached skill level 9 in Stealth
  5414 | D:6      | XOM: scenery: create altars
  5483 | D:6      | XOM: god gift: 37 gold pieces
  5604 | D:6      | Found a stormy altar of Qazlal.
  5612 | D:6      | Found a shimmering blue altar of Sif Muna.
  5833 | D:7      | Reached skill level 5 in Shapeshifting
  5861 | D:7      | Found a large runed translucent door.
  5861 | D:7      | Found a large runed translucent door.
  5864 | D:7      | Noticed pants's ghost (novice HOFi)
  5966 | D:7      | XOM: summons 2 friendly demons
  6066 | D:7      | XOM: cast spell 'Metabolic Englaciation'
  6069 | D:7      | Reached skill level 10 in Stealth
  6094 | D:7      | Found a hide-covered altar of Uskayaw.
  6106 | D:7      | Found a basalt altar of Yredelemnul.
  6147 | D:7      | XOM: cloud trail
  6796 | D:8      | XOM: cast spell 'Summon Mana Viper'
  6802 | D:8      | Reached XP level 10. HP: 37/68 MP: 10/10
  6808 | D:8      | XOM: butterfly on damage
  7028 | D:8      | XOM: divination: magic mapping
  7037 | D:8      | XOM: cast spell 'Dispersal'
  7039 | D:8      | Slain by a wight

Illustrated notes

Levels and vault maps discovered:
D:1:      minmay_arrival_glassed_features, layout_loops_ring,
          serial_co_window_serial, co_window_paths_a, co_window_corner_a,
          co_window_of_opportunity_a, co_window_paths_a, co_window_paths_a,
          co_window_cross_3, co_window_broadway_b, co_window_of_opportunity_b,
          co_window_paths_d, glass_columns_a, glass_columns_c
D:2:      layout_basic, basic_altar, patterned_corridor, uniq_jessica
D:3:      layout_rooms, gup_sewer_entry_pipe, st_stairs_4, uniq_terence
D:4:      layout_loops_ring, mainiacjoe_overflow_alcove_4
D:5:      minmay_angry_zag, layout_rooms, kennysheep_little_box,
          nicolae_wu_jian_glorious_leap, mainiacjoe_overflow_boulevard
D:6:      layout_layer_cave, kennysheep_slug_shrine, fedhas_altar_2,
          jmf_multi_god_temple2, temple_doors_cd, serial_undead,
          serial_undead_a, serial_undead_c, serial_undead_e, serial_undead_e,
          serial_undead_e, serial_undead_e, gammafunk_ghost_arena,
          minmay_misc_feat_iff, hangedman_decor_lopped, minmay_misc_feat_five
D:7:      layout_basic, mainiacjoe_overflow_big_doors,
          ebering_ghost_disaster_area
D:8:      layout_loops_cross

Skill      XL: |  1  2  3  4  5  6  7  8  9 10 |
---------------+-------------------------------+-----
Stealth        | 1 2 4 5 6 8 10 | 10.9
Short Blades   | 4 5 6 7 |  7.0
Dodging        | 3 4 5 |  5.8
Fighting       | 4 5 6 |  6.0
Shapeshifting  | 2 4 5 6 |  6.0

Action                     |  1- 3 |  4- 6 |  7- 9 | 10-12 || total
---------------------------+-------+-------+-------+-------++-------
  Melee: Short sword       |    38 |   108 |    40 |       ||   186
         Constrict         |    13 |    22 |    39 |     9 ||    83
         Punch             |     1 |     2 |     3 |     1 ||     7
         Tentacles         |     8 |    27 |    56 |    10 ||   101
         Dagger            |       |       |   191 |    21 ||   212
    Use: Scroll            |       |     2 |    13 |       ||    15
         Potion            |       |       |     1 |       ||     1
   Stab: Sleeping          |     4 |    11 |    18 |       ||    33
         Confused          |       |     1 |       |       ||     1
         Petrifying        |       |     1 |       |       ||     1
         Petrified         |       |     1 |       |       ||     1
         Distracted        |       |       |     2 |       ||     2
 Armour: Skin              |     8 |    48 |   104 |    15 ||   175
  Dodge: Dodged            |    18 |    58 |   117 |     5 ||   198
  Block: Buckler           |       |       |     2 |     4 ||     6
   Form: Beast             |       |     1 |       |       ||     1

Table legend: (Time is in decaauts)
 A = Elapsed time spent in this place.
 B = Non-inter-level travel time spent in this place.
 C = Inter-level travel time spent in this place.
 D = Time resting spent in this place.
 E = Time spent auto-exploring this place.
 F = Levels seen in this place.
 G = Mean time per level.
                   A        B        C        D        E       F      G
               +--------+--------+--------+--------+--------+-----+--------+
         Total |   6938 |   6621 |    317 |   1020 |   4445 |  10 |  693.8 |
       Dungeon |   6819 |   6502 |    317 |   1020 |   4370 |   8 |  852.4 |
         Abyss |      0 |      0 |      0 |      0 |      0 |   1 |    0.0 |
         Sewer |    118 |    118 |      0 |      0 |     75 |   1 |  118.0 |
               +--------+--------+--------+--------+--------+-----+--------+

Top non-repeatable levels by time:
     D:1: 1498 daAuts
     D:6: 1384 daAuts
     D:5: 906 daAuts
     D:4: 763 daAuts
     D:8: 725 daAuts
     D:3: 526 daAuts
     D:7: 514 daAuts
     D:2: 500 daAuts
   Sewer: 118 daAuts
